 Dungeon Crawl Stone Soup version 0.29.0-4-gdea44cf6ec (webtiles) character file.

Game seed: 9843455019970349076

254 qw the Ruffian (level 5, -2/50 HPs)
             Began as a Troll Cinder Acolyte on Aug 31, 2022.
             Was a High Priest of Ignis.
             Succumbed to a water moccasin's poison
             ... on level 2 of the Dungeon.
             The game lasted 00:01:09 (1657 turns).

qw the Ruffian (Troll Cinder Acolyte)               Turns: 1657, Time: 00:01:09

Health: -2/50      AC: 13    Str: 24    XL:     5   Next: 90%
Magic:  5/5        EV:  9    Int: 10    God:    Ignis [*****.]
Gold:   40         SH:  0    Dex:  5    Spells: 6/6 levels left

rFire   + . .      SeeInvis .     - Unarmed
rCold   + . .      Faith    .   (no shield)
rNeg    . . .      Spirit   .   b - +2 robe {rC+}
rPois   .          Reflect  .   (helmet restricted)
rElec   .          Harm     .   (no cloak)
rCorr   .          Rampage  .   (gloves unavailable)
Will    .....                   (boots unavailable)
Stlth   +.........              (no amulet)
HPRegen 0.96/turn               g - +4 ring of slaying {mikee}
MPRegen 0.09/turn               (no ring)

@: lethally poisoned (-2 -> -27), fiery-armoured
A: large, unfitting armour, claws 3, regeneration 1, shaggy fur 1, tough skin 1
a: Renounce Religion, Fiery Armour, Foxfire Swarm, Rising Flame


You were on level 2 of the Dungeon.
You worshipped Ignis.
Ignis was extremely pleased with you.
You visited 1 branch of the dungeon, and saw 3 of its levels.

You collected 40 gold pieces.


Innate Abilities, Weirdness & Mutations

You are too large for most types of armour.
You have claws for hands.
Your natural rate of healing is unusually fast.
You are covered in fur. (AC +1)
You have tough skin. (AC +1)


   Skills:
 - Level 2.4 Fighting
 + Level 6.7 Unarmed Combat
 - Level 1.0 Spellcasting
 - Level 2.1 Fire Magic


You had 6 spell levels left.
You didn't know any spells.
Your spell library contained the following spells:

 Spells                   Type           Power      Damage    Failure   Level
 Scorch                   Fire           8%         2d5       22%         2

Inventory:

Armour
 b - a +2 robe of cold resistance (worn)
Jewellery
 g - a +4 ring of slaying (left claw) {mikee}
Scrolls
 f - a scroll of identify
Potions
 c - a potion of haste
 d - a potion of brilliance {unknown}

Dungeon Overview and Level Annotations

Branches:
Dungeon (3/15)

Altars:


Message History

The water moccasin poisons you!
You climb upwards.
You feel very sick.
There is a stone staircase leading down here.
You closely miss the water moccasin.
You feel sick. The water moccasin closely misses you.
You closely miss the water moccasin. Your claw misses the water moccasin.
You feel sick. The water moccasin barely misses you.
The water moccasin closely misses you.
You claw the water moccasin!
The water moccasin is heavily wounded.
You feel sick. The water moccasin bites you.
You are more poisoned.
The water moccasin poisons you!
You closely miss the water moccasin.
The water moccasin is heavily wounded.
You feel very sick. The water moccasin bites you.
You are lethally poisoned!
The water moccasin poisons you!
1655 ||| INVOKING Fiery Armour.
A protective cloak of flame settles atop you.
You feel extremely sick.
The water moccasin bites you but does no damage.
The water moccasin is burned by your cloak of flames.
The water moccasin is heavily wounded.
The water moccasin bites you but does no damage.
The water moccasin is burned by your cloak of flames.
The water moccasin is severely wounded.
You barely miss the water moccasin.
The water moccasin is severely wounded.
You feel very sick. The water moccasin bites you.
You are more poisoned.
The water moccasin poisons you!
The water moccasin is burned by your cloak of flames.
The water moccasin is almost dead.
You closely miss the water moccasin.
The water moccasin is almost dead.
You die...

#.########.##
#.##....
#.###.## #.#
#.##.###
#......# #.#
#.##.# #####.##
#.# #....# #.#
#.#####.### #.#
#........<# #.#
#######.#.#
#)##### #.#.#
#@)...# #.#.#
#S....######.#.#
#.........##.#.#
#.....###.##.#.#
#.....#
#.##...###
#.#.###
#......... #.#.#
#####....> #.#.#
#..##. #.#.##
#..##.


You could see a water moccasin.

Vanquished Creatures
  Sigmund (D:2)
  2 adders (D:2)
  A gnoll (D:2)
  4 dart slugs
  5 ball pythons
  3 endoplasms
  A giant cockroach (D:1)
  4 goblins (D:1)
  5 hobgoblins
  7 jackals (D:1)
  3 kobolds
  5 quokkas
  5 bats
  5 frilled lizards (D:1)
  5 rats (D:1)
56 creatures vanquished.

Notes
Turn   | Place    | Note
-------+----------+-------------------------------------------
     0 | D:1      | qw the Troll Cinder Acolyte began the quest for the Orb.
     0 | D:1      | Reached XP level 1. HP: 22/22 MP: 1/1
     0 | D:1      | 0 ||| qw: Version: 0.1-a-97-g2dd2ca4
     0 | D:1      | 0 ||| qw: Game counter: 4610
     0 | D:1      | 0 ||| qw: Always use a shield: true
     0 | D:1      | 0 ||| qw: God list: Okawaru
     0 | D:1      | 0 ||| qw: Allow faded altars: false
     0 | D:1      | 0 ||| qw: Do Orc after D:15 true
     0 | D:1      | 0 ||| qw: Do second Lair branch before Depths: true
     0 | D:1      | 0 ||| qw: Lair rune preference: random
     0 | D:1      | 0 ||| qw: Plans: Normal
     0 | D:1      | 0 ||| PLANNING D:1-11
   161 | D:1      | 161 ||| Stepping ~*~*~tactically~*~*~ (hiding).
   162 | D:1      | 162 ||| Stepping ~*~*~tactically~*~*~ (hiding).
   170 | D:1      | Reached XP level 2. HP: 29/29 MP: 2/2
   290 | D:1      | 290 ||| Stepping ~*~*~tactically~*~*~ (stealth).
   291 | D:1      | 291 ||| Stepping ~*~*~tactically~*~*~ (stealth).
   295 | D:1      | 295 ||| INVOKING Fiery Armour.
   298 | D:1      | 298 ||| Stepping ~*~*~tactically~*~*~ (stealth).
   306 | D:1      | 306 ||| Stepping ~*~*~tactically~*~*~ (outnumbered).
   387 | D:1      | Reached skill level 4 in Unarmed Combat
   422 | D:1      | 422 ||| Stepping ~*~*~tactically~*~*~ (hiding).
   424 | D:1      | 424 ||| Stepping ~*~*~tactically~*~*~ (hiding).
   430 | D:1      | Reached XP level 3. HP: 36/36 MP: 3/3
   690 | D:1      | 690 ||| Stepping ~*~*~tactically~*~*~ (stealth).
   696 | D:1      | 696 ||| Stepping ~*~*~tactically~*~*~ (stealth).
   706 | D:1      | 706 ||| Stepping ~*~*~tactically~*~*~ (stealth).
   727 | D:1      | 727 ||| Stepping ~*~*~tactically~*~*~ (stealth).
   732 | D:1      | 732 ||| Stepping ~*~*~tactically~*~*~ (stealth).
   737 | D:1      | 737 ||| Stepping ~*~*~tactically~*~*~ (stealth).
   763 | D:1      | 763 ||| Stepping ~*~*~tactically~*~*~ (outnumbered).
   764 | D:1      | 764 ||| Stepping ~*~*~tactically~*~*~ (outnumbered).
   765 | D:1      | 765 ||| Stepping ~*~*~tactically~*~*~ (outnumbered).
   766 | D:1      | 766 ||| Stepping ~*~*~tactically~*~*~ (outnumbered).
   767 | D:1      | 767 ||| Stepping ~*~*~tactically~*~*~ (outnumbered).
   768 | D:1      | 768 ||| Stepping ~*~*~tactically~*~*~ (outnumbered).
   769 | D:1      | 769 ||| Stepping ~*~*~tactically~*~*~ (outnumbered).
   770 | D:1      | 770 ||| Stepping ~*~*~tactically~*~*~ (outnumbered).
   771 | D:1      | 771 ||| Stepping ~*~*~tactically~*~*~ (outnumbered).
   999 | D:1      | 999 ||| DROPPING ring of flight.
  1000 | D:1      | 1000 ||| UPGRADING to +4 ring of slaying {mikee}.
  1001 | D:1      | 1001 ||| READING scroll labelled NOAWA TEVOER.
  1002 | D:1      | 1002 ||| READING scroll labelled BYOMUNN CUEV.
  1003 | D:1      | 1003 ||| READING 3 scrolls labelled OVENGO MYD XEUNNY.
  1004 | D:1      | 1004 ||| READING scroll labelled QYHARO WUXKENO.
  1005 | D:1      | 1005 ||| READING scroll labelled INIPIN GEUTYT.
  1006 | D:1      | 1006 ||| Stepping randomly (stuck).
  1007 | D:1      | 1007 ||| Stepping ~*~*~tactically~*~*~ (cloud).
  1055 | D:2      | Noticed Sigmund
  1061 | D:2      | Killed Sigmund
  1062 | D:2      | Reached skill level 6 in Unarmed Combat
  1062 | D:2      | Reached XP level 4. HP: 44/44 MP: 4/4
  1062 | D:2      | Reached XP level 5. HP: 50/50 MP: 5/5
  1109 | D:2      | Found a faded altar of an unknown god.
  1109 | D:2      | Noticed an Ice Fiend
  1578 | D:2      | 1578 ||| UPGRADING to +2 robe of cold resistance.
  1588 | D:2      | 1588 ||| DROPPING +0 robe.
  1589 | D:2      | 1589 ||| READING 2 scrolls of identify.
  1589 | D:2      | 1589 ||| IDENTIFYING fuming grey potion
  1626 | D:3      | 1626 ||| STAIRDANCE
  1635 | D:3      | 1635 ||| STAIRDANCE
  1639 | D:3      | Noticed a water moccasin
  1640 | D:3      | 1640 ||| STAIRDANCE
  1649 | D:3      | 1649 ||| STAIRDANCE
  1655 | D:2      | 1655 ||| INVOKING Fiery Armour.
  1656 | D:2      | HP: 10/50 [poisoned by a water moccasin]
  1656 | D:2      | HP: 4/50 [water moccasin (6)]
  1657 | D:2      | Succumbed to a water moccasin's poison

Levels and vault maps discovered:
D:1:      sevenhm_arrival_forest_fort_small_4, layout_basic, minmay_hedge_maze
D:2:      layout_loops_ring, dreamdust_ecumenical_altar_sealed_demon,
          uniq_sigmund
D:3:      layout_rooms, serial_shops, shop

Skill      XL: |  1  2  3 |
---------------+----------+-----
Unarmed Combat | 4 6 |  6.7
Fighting       | |  2.4
Spellcasting   | |  1.0
Fire Magic     | |  2.1

Action                   |  1- 3 |  4- 6 || total
-------------------------+-------+-------++-------
Melee: Unarmed           |    81 |    38 ||   119
       Punch             |     2 |       ||     2
Invok: Fiery Armour      |     1 |     1 ||     2
  Use: Scroll            |     5 |     1 ||     6
Armor: Robe              |    34 |    13 ||    47
Dodge: Dodged            |    22 |    19 ||    41

Table legend:
 A = Non-vault XP
 B = Vault XP
 C = Vault XP percentage of total XP
 D = Non-vault monster count
 E = Vault monster count
 F = Vault count percentage of total count
                 A         B        C        D         E       F
            +---------+---------+-------+---------+---------+-------
      Total |     137 |     226 |  62.3 |      55 |       1 |   1.8
            +---------+---------+-------+---------+---------+-------
        D:1 |      72 |       0 |   0.0 |      39 |       0 |   0.0
        D:2 |      64 |     226 |  77.9 |      15 |       1 |   6.2
        D:3 |       1 |       0 |   0.0 |       1 |       0 |   0.0
            +---------+---------+-------+---------+---------+-------
